 Dungeon Sprint DCSS version 0.30.0-13-g156ef70053 (webtiles) character file.

Game seed: 4788388357837251769

368 ColinBallin the Severer (level 6, -8/51 HPs)
             Began as a Minotaur Berserker on May 17, 2023.
             Was an Elder of Trog.
             Mangled by a yak (11 damage)
             ... in the Dungeon (Sprint IX: "|||||||||||||||||||||||||||||").
             The game lasted 00:03:34 (204 turns).

ColinBallin the Severer (Minotaur Berserker)         Turns: 204, Time: 00:03:35

Health: -8/51      AC:  7    Str: 23    XL:     6   Next: 41%
Magic:  5/5        EV: 10    Int:  7    God:    Trog [****..]
Gold:   0          SH:  0    Dex: 13    Spells: 5/5 levels left

rFire   . . .        a - +0 hand axe
rCold   . . .        (no shield)
rNeg    . . .        l - +1 scale mail
rPois   .            (helmet restricted)
rElec   .            (no cloak)
rCorr   .            (no gloves)
SInv    .            (no boots)
Will    .....        (no amulet) Stlth
                     m - +3 ring of dexterity
HPRegen 0.28/turn    n - +3 ring of intelligence
MPRegen 0.09/turn

%: no teleportation
@: on berserk cooldown, slowed, invisible, very slow
A: horns 2, retaliatory headbutt
a: Renounce Religion, Berserk, Trog's Hand, Brothers in Arms


You were in the Dungeon.
You worshipped Trog.
Trog was greatly pleased with you.
You visited 1 branch

Inventory:

Hand Weapons
 a - a +0 hand axe (weapon)
 k - a +2 heavy dire flail
 p - a +3 heavy war axe
Armour
 b - a +0 animal skin
 l - a +1 scale mail (worn)
Jewellery
 m - a +3 ring of dexterity (left hand)
 n - a +3 ring of intelligence (right hand)
Wands
 j - a wand of iceblast (10)
Scrolls
 h - 2 scrolls of blinking
Potions
 c - 5 potions of curing
 d - 3 potions of heal wounds
 e - a potion of haste
 f - 4 potions of magic
 g - a potion of berserk rage


   Skills:
 - Level 3.6 Fighting
 + Level 16.4 Axes
 - Level 2.4 Armour
 - Level 2.1 Dodging


You had 5 spell levels left.
You didn't know any spells.
Your spell library was empty.

Dungeon Overview and Level Annotations

Branches:
Dungeon (1/1)

Altars:
Cheibriados
Dithmenos
Elyvilon
Fedhas
Gozag
Hepliaklqana
Kikubaaqudgha
Makhleb
Nemelex Xobeh
Okawaru
Qazlal
Ru
Sif Muna
Trog
Uskayaw
Vehumet
Wu Jian
Xom
Yredelemnul
Zin
The Shining One
Jiyva
Lugonu


Innate Abilities, Weirdness & Mutations

You have a pair of horns on your head.
You reflexively headbutt those who attack you in melee.


Message History

* * * LOW HITPOINT WARNING * * *
Something draws strength from your injuries!
You slash something! Your headbutt misses something. You hit something.
Your headbutt misses something. You slash something!
Your headbutt misses something. Something hits you but does no damage.
Something bites you.
* * * LOW HITPOINT WARNING * * *
Something draws strength from your injuries!
You slash something! Trog accepts your kill.
You can now call in reinforcements.
Trog appreciates your killing of a magic user.
Reactivating autopickup.
You feel a bit more experienced.
Your Axes skill gained 2 levels and is now at level 16!
You have reached level 6!
You are no longer berserk.
You are exhausted.
You feel yourself slow down.
The orc wizard casts a spell.
The orc wizard flickers and vanishes!
Deactivating autopickup; reactivate with Ctrl-A.
You hit the yak.
The yak is lightly wounded.
The yak completely misses you.
You hit the yak but do no damage.
The yak is lightly wounded.
The yak gores you but does no damage.
You hit the yak but do no damage.
The yak is lightly wounded.
The yak gores you!
* * * LOW HITPOINT WARNING * * *
You hit the yak.
The yak is lightly wounded.
The yak barely misses you.
You fade into invisibility!
The yak barely misses you. You furiously retaliate!
You headbutt the yak! The yak closely misses you. You furiously retaliate!
You headbutt the yak!
There is an open door to the Dungeon, spattered with blood here.
The yak gores you!
You die... ▓▓▓▓▓▓▓▓▓▓▓▓▓▓▓▓▓▓▓▓▓▓▓▓▓▓ ________'.?).[[.@YO).g...+ ▓▓▓▓▓▓▓▓▓▓▓▓▓▓▓▓▓▓▓▓▓▓▓▓▓▓

You could see a two-headed ogre (unable to see you), a yak (unable to see you) and a gnoll sergeant (unable to see you).

Vanquished Creatures
  A vampire (D)
  An orc warrior (D)
  A black bear (D)
  A gnoll bouda (D)
  2 adders (D)
  An orc (D)
  A ball python (D)
  A bat (D)
  A hobgoblin (D)
  A kobold (D)
  A rat (D)
12 creatures vanquished.

Notes
Turn   | Place    | Note
-------+----------+-------------------------------------------
     0 | D        | ColinBallin the Minotaur Berserker began the quest for the
                  | Orb.
     0 | D        | Reached XP level 1. HP: 19/19 MP: 0/0
     8 | D        | Reached skill level 5 in Axes
     9 | D        | Reached ** piety under Trog
    43 | D        | Noticed a black bear
    43 | D        | Noticed a gnoll bouda
    45 | D        | Reached skill level 6 in Axes
    45 | D        | Reached XP level 2. HP: 26/26 MP: 1/1
    48 | D        | Reached *** piety under Trog
    49 | D        | Reached skill level 7 in Axes
    52 | D        | Killed a black bear
    53 | D        | Reached skill level 11 in Axes
    53 | D        | Reached XP level 3. HP: 31/31 MP: 2/2
    53 | D        | Reached XP level 4. HP: 39/39 MP: 3/3
    57 | D        | Reached skill level 12 in Axes
    57 | D        | Reached XP level 5. HP: 45/45 MP: 4/4
    94 | D        | Found a snail-covered altar of Cheibriados.
    94 | D        | Found a shadowy altar of Dithmenos.
    94 | D        | Found a white marble altar of Elyvilon.
    94 | D        | Found a blossoming altar of Fedhas.
    94 | D        | Found an opulent altar of Gozag.
    95 | D        | Found a hazy altar of Hepliaklqana.
    96 | D        | Found a viscous altar of Jiyva.
    97 | D        | Found an ancient bone altar of Kikubaaqudgha.
    98 | D        | Found a corrupted altar of Lugonu.
    99 | D        | Found a burning altar of Makhleb.
   100 | D        | Found a sparkling altar of Nemelex Xobeh.
   101 | D        | Found an iron altar of Okawaru.
   102 | D        | Found a stormy altar of Qazlal.
   103 | D        | Found a sacrificial altar of Ru.
   104 | D        | Found a shimmering blue altar of Sif Muna.
   105 | D        | Found a bloodstained altar of Trog.
   106 | D        | Found a hide-covered altar of Uskayaw.
   107 | D        | Found a radiant altar of Vehumet.
   108 | D        | Found an ornate altar of the Wu Jian Council.
   109 | D        | Found a shimmering altar of Xom.
   110 | D        | Found a basalt altar of Yredelemnul.
   111 | D        | Found a glowing silver altar of Zin.
   112 | D        | Found a glowing golden altar of the Shining One.
   176 | D        | Noticed an orc warrior
   176 | D        | Noticed a vampire
   176 | D        | Noticed a yak
   176 | D        | Noticed a two-headed ogre
   186 | D        | Killed an orc warrior
   187 | D        | Reached skill level 14 in Axes
   195 | D        | Killed a vampire
   195 | D        | Reached **** piety under Trog
   196 | D        | Reached skill level 16 in Axes
   196 | D        | Reached XP level 6. HP: 13/51 MP: 5/5
   199 | D        | HP: 1/51 [yak (9)]
   204 | D        | Mangled by a yak

Illustrated notes

Levels and vault maps discovered:
D:        linesprint [early_d, line_temple, items_1, d_10, items_2, lair_1,
          lair_end, items_3, orc_1, orc_end, items_4, d_15, swamp_1, shoals_1,
          snake_1, spider_1, d_20, vaults_1, items_5, swamp_end, shoals_end,
          snake_end, spider_end, vaults_end, d_27, items_6, zot_1, zot_end,
          crypt_end, forest_end, elf_end, slime_end, tomb_end, abyss_end,
          pan_hell_end]

Skill      XL: |  1  2  3  4  5 |
---------------+----------------+-----
Axes           | 6 11 12 16 | 16.4
Fighting       | |  3.6
Armour         | |  2.4
Dodging        | |  2.1

Action                     |  1- 3 |  4- 6 || total
---------------------------+-------+-------++-------
  Melee: Hand axe          |    19 |    24 ||    43
         Headbutt          |     3 |     1 ||     4
 Invoke: Berserk           |     1 |     2 ||     3
    Use: Potion            |       |     1 ||     1
 Armour: Animal skin       |     4 |       ||     4
         Scale mail        |       |     2 ||     2
  Dodge: Dodged            |    13 |     9 ||    22
